 Dungeon Crawl Stone Soup version 0.19-a0-1697-g0595f0e (webtiles) character file.

57 Amnesiac the Digger (level 4, 4/30 HPs)
             Began as a Formicid Earth Elementalist on Sept 26, 2016.
             Quit the game in a sewer.
             The game lasted 00:06:13 (1957 turns).

Amnesiac the Digger (Formicid Earth Elementalist)   Turns: 1957, Time: 00:06:14

Health: 4/30       AC:  3    Str: 13    XL:     4   Next: 18%
Magic:  0/17       EV: 12    Int: 14    God:
Gold:   65         SH:  0    Dex: 12    Spells: 3 memorised, 2 levels left

rFire  . . .     SeeInvis +     b - -3 short sword (curse)
rCold  . . .     Gourm    .     c - +0 robe
rNeg   . . .     Faith    .     (no shield)
rPois  .         Spirit   .     (helmet unavailable)
rElec  .         Dismiss  +     (no cloak)
rCorr  .         Reflect  .     (no gloves)
MR     .....     Harm     .     (no boots)
Stlth  ++........               l - amulet of dismissal
                                (no ring)
                                r - ring of magical power

@: very slightly contaminated
A: permanent stasis, dig shafts and tunnels, four strong arms, antennae 3
a: Dig, Shaft Self


You were in a sewer.
You were hungry.

You visited 1 branch of the dungeon, and saw 4 of its levels.
You also visited: Sewer.

You collected 65 gold pieces.

Inventory:

Hand Weapons
 b - a cursed -3 short sword (weapon)
 m - a +2 falchion of slicing
Missiles
 g - 44 stones (quivered)
 i - 3 curare-tipped needles
Armour
 c - a +0 robe (worn)
Jewellery
 l - an amulet of dismissal (around neck)
 r - a ring of magical power (left hand)
Wands
 o - a wand of polymorph (24/24)
Scrolls
 p - 2 scrolls of identify
Potions
 a - a potion of cure mutation {unknown}
 f - a potion of ambrosia {unknown}
 h - 2 potions of might {unknown}
 k - a potion of curing
 n - a potion of haste {unknown}
 q - 2 potions of cancellation {unknown}
Books
 e - a book of Geomancy

   Spells                             Type                      Level
   a - Sandblast                      Earth                        1
   b - Passwall                       Transmutation/Earth          2
   c - Stone Arrow                    Conjuration/Earth            3
   d - Petrify                        Transmutation/Earth          4
   e - Lee's Rapid Deconstruction     Earth                        5
Comestibles
 d - 3 bread rations
 j - 3 chunks of flesh


   Skills:
 - Level 1.6 Short Blades
 - Level 1.7 Dodging
 - Level 2.4 Stealth
 - Level 3.0 Spellcasting
 + Level 2.1 Transmutations
 - Level 4.0 Earth Magic


You had 2 spell levels left.
You knew the following spells:

 Your Spells              Type           Power        Failure   Level  Hunger
e - Petrify               Tmut/Erth      ##......     71%         4    #####..
f - Sandblast             Erth           ##....       4%          1    #......
v - Passwall              Tmut/Erth      ##........   12%         2    ##.....


Dungeon Overview and Level Annotations

Branches:
Dungeon (4/15)
 Temple: D:4-7

Altars:
Ashenzari

Annotations:
D:3 p0werm0de's ghost, amateur DsCK


Innate Abilities, Weirdness & Mutations

You are under a permanent stasis effect.
You can dig through walls and to a lower floor.
Your four strong arms can wield two-handed weapons with a shield.
You have a pair of large antennae on your head. (SInv)


Message History

Press: ? - help, Shift-Dir - straight line, f/p - river rat
Aim: a river rat (lightly wounded)
The blast of sand hits the river rat.
The river rat is almost dead.
The river rat bites you!
* * * LOW HITPOINT WARNING * * *
Casting: Sandblast
Confirm with . or Enter, or press ? or * to list all spells.
You don't have enough magic to cast that spell.
Unknown command.
You are feeling hungry.
You completely miss the river rat.
The river rat is almost dead.
The river rat bites you.
* * * LOW HITPOINT WARNING * * *
You completely miss the river rat.
The river rat is almost dead.
The river rat closely misses you.
Unknown command.
Are you sure you want to abandon this character and quit the game? (Confirm with "yes".) ############### #@r..∩.∩......≈ ###############

You could see a river rat.

Vanquished Creatures
  An adder (D:3)
  A dart slug (D:1)
  2 leopard geckos
  An orc (D:4)
  7 bats
  4 giant cockroaches
  3 goblins
  2 hobgoblins
  4 jackals (D:3)
  4 kobolds
  2 ball pythons (D:4)
  2 frilled lizards (D:2)
  8 rats
41 creatures vanquished.

Notes
Turn   | Place    | Note
-------+----------+-------------------------------------------
     0 | D:1      | Amnesiac the Formicid Earth Elementalist began the quest for the Orb.
     0 | D:1      | Reached XP level 1. HP: 13/13 MP: 3/3
    63 | D:1      | Reached skill level 4 in Earth Magic
   106 | D:1      | Reached XP level 2. HP: 19/19 MP: 3/5
   117 | D:1      | Learned a level 2 spell: Passwall
   219 | D:2      | Found a shattered altar of Ashenzari.
   293 | D:3      | Found a faded altar of an unknown god.
   388 | D:3      | Reached XP level 3. HP: 14/24 MP: 0/7
   401 | D:3      | Noticed p0werm0de's ghost (amateur DsCK)
  1087 | D:3      | Reached skill level 1 in Short Blades
  1639 | D:4      | Reached XP level 4. HP: 27/30 MP: 3/8
  1662 | D:4      | Learned a level 4 spell: Petrify
  1677 | D:4      | Found a glowing drain.
  1922 | Sewer    | Entered a sewer
  1957 | Sewer    | Quit the game

Vault maps used:
D:1:      lemuel_arrival_behind_the_door_large, minmay_tripent
D:2:      nicolae_ashenzari_panopticon
D:3:      first_bread, ecumenical_altar_2, minivault_23, serial_bayou_crossing
D:4:      grunt_temple_overflow_open, portal_sewer_entry_b, eino_tiny_chamber,
          corexii_corridor_pit
Sewer:    sewer_kobolds

Skill      XL: |  1  2  3 |
---------------+----------+-----
Earth Magic    | 4 |  4.0
Spellcasting   | 3 |  3.0
Transmutations | 2 |  2.1
Short Blades   | 1 |  1.6
Dodging        | |  1.7
Stealth        | |  2.4

Action                   |  1- 3 |  4- 6 || total
-------------------------+-------+-------++-------
Melee: Falchion          |    42 |       ||    42
       Short sword       |    29 |    10 ||    39
 Cast: Sandblast         |    39 |    36 ||    75
       Passwall          |     3 |     2 ||     5
 Abil: Dig               |       |     1 ||     1
  Use: Scroll            |     5 |     1 ||     6
       Potion            |     1 |       ||     1
 Stab: Sleeping          |     1 |       ||     1
  Eat: Chunk             |     3 |     1 ||     4
Armor: Robe              |    42 |     7 ||    49
Dodge: Dodged            |    97 |    33 ||   130
